 Dungeon Crawl Stone Soup version 0.30-a0-845-g7c6808c8ce (webtiles) character file.

Game seed: 499996914774360342

140062 Grim the Stormcaller (level 17, -9/104 HPs)
             Began as a Tengu Air Elementalist on Mar 2, 2023.
             Was the Champion of Vehumet.
             Mangled by a three-headed hydra simulacrum (14 damage)
             ... on level 4 of the Swamp on Mar 3, 2023.
             The game lasted 01:58:45 (42342 turns).

Grim the Stormcaller (Tengu Air Elementalist)      Turns: 42342, Time: 01:58:46

Health: -9/104     AC: 14    Str: 19    XL:     17   Next: 30%
Magic:  34/34      EV: 22    Int: 25    God:    Vehumet [******]
Gold:   2592       SH:  6    Dex: 14    Spells: 3/41 levels left

rFire   . . .      SeeInvis .    K - +9 falchion "Tosm" {drain, Will- Str+9}
rCold   + . .      Faith    .    S - +1 buckler {rC+}
rNeg    . . .      Spirit   .    W - +3 robe of Clouds {*Thunder rCloud rElec}
rPois   .          Reflect  .    (helmet restricted)
rElec   +          Rampage  .    o - +2 cloak
rCorr   .                        B - +2 pair of gloves
Will    +....                    (boots unavailable)
Stlth   ++                       L - amulet of magic regeneration
HPRegen 0.37/turn                n - +5 ring of evasion
MPRegen 0.64/turn                M - ring of willpower

@: flying quickly and evasively, quick
A: beak, talons 3, nimble flight, iridescent scales 1, clever 1
a: Renounce Religion


You were on level 4 of the Swamp.
You worshipped Vehumet.
Vehumet was exalted by your worship.
You visited 5 branches of the dungeon, and saw 27 of its levels.
You also visited: Sewer and Bailey.

You collected 3212 gold pieces.
You spent 620 gold pieces at shops.

Inventory:

Hand Weapons
 C - a +0 falchion of flaming
 K - the +9 falchion "Tosm" (weapon) {drain, Will- Str+9}
   (You bought it in a shop on level 2 of the Dungeon)

   Str:       It affects your strength (+9).
   Will:      It decreases your willpower.
Missiles
 f - a throwing net
 u - 6 curare-tipped darts
 x - 46 poisoned darts
 y - 5 javelins
 A - 23 boomerangs
Armour
 o - a +2 cloak (worn)
 B - a +2 pair of gloves (worn)
 S - a +1 buckler of cold resistance (worn)
 W - the +3 robe of Clouds (worn) {*Thunder rCloud rElec}
   (You found it in a bailey)

   *Thunder:  It occasionally creates storm clouds above nearby enemies.
   rCloud:    It grants its wearer immunity to clouds.
   rElec:     It insulates you from electricity.
Jewellery
 n - a +5 ring of evasion (left hand)
 s - a ring of see invisible
 G - a +4 ring of slaying
 L - an amulet of magic regeneration (around neck)
 M - a ring of willpower (right hand)
 N - a +6 ring of intelligence
 O - a ring of positive energy
 R - a ring of willpower
Wands
 a - a wand of digging (3)
 c - a wand of quicksilver (8)
 h - a wand of polymorph (6)
 j - a wand of roots (18)
 w - a wand of paralysis (29)
 U - a wand of mindburst (3)
 X - a wand of flame (5)
Scrolls
 d - 6 scrolls of amnesia
 i - 8 scrolls of teleportation
 q - 4 scrolls of enchant weapon
 r - 2 scrolls of vulnerability
 t - 5 scrolls of poison
 D - 7 scrolls of enchant armour
 E - 3 scrolls of noise
 F - 3 scrolls of immolation
 H - 7 scrolls of fog
Potions
 b - a potion of heal wounds
 e - 9 potions of flight
 g - 4 potions of curing
 k - a potion of cancellation
 l - 4 potions of resistance
 m - 5 potions of berserk rage
 p - 2 potions of ambrosia
 v - 3 potions of attraction
 z - 2 potions of invisibility
 I - 4 potions of brilliance
 J - 4 potions of haste
 Q - 7 potions of might
 T - 5 potions of lignification
 Z - 3 potions of degeneration {!q}


   Skills:
 + Level 11.1 Fighting
 - Level 12.0 Long Blades
 - Level 6.3 Armour
 - Level 6.6 Dodging
 - Level 2.0 Stealth
 - Level 3.3 Shields
 * Level 12.5 Spellcasting
 - Level 18.6 Conjurations
 - Level 20.7 Air Magic
 - Level 3.0 Poison Magic


You had 3 spell levels left.
You knew the following spells:

 Your Spells              Type           Power      Damage    Failure   Level
a - Shock                 Conj/Air       100%       1d9       0%          1
b - Static Discharge      Conj/Air       100%       2-7/arc   0%          2
c - Airstrike             Air            43%        2d(7-23)  0%          4
d - Swiftness             Air            87%        N/A       0%          3
e - Lightning Bolt        Conj/Air       42%        1d62      1%          5
f - Arcjolt               Conj/Air       42%        1d52      1%          5
g - Mephitic Cloud        Conj/Pois/Air  72%        N/A       1%          3
h - Fireball              Conj/Fire      29%        3d13      1%          5
i - Freezing Cloud        Conj/Ice/Air   34%        6-21      1%          5
j - Iskenderun's Battles  Conj           83%        2d13      1%          5

Your spell library contained the following spells:

 Spells                   Type           Power      Damage    Failure   Level
 Lee's Rapid Deconstruct  Erth           7%         3d7*      32%         5
 Cigotuvi's Dreadful Rot  Necr/Pois/Air  100%       N/A       1%          2
 Momentum Strike          Conj/Tloc      100%       3d10      1%          2
 Kindle Blastsparks       Fire/Tloc/Air  100%       2d18      1%          3
 Vhi's Electric Charge    Tloc/Air       100%       N/A       1%          3
 Sting                    Tmut/Pois      92%        1d7       2%          1
 Scorch                   Fire           30%        2d7       2%          2
 Ignite Poison            Fire/Tmut/Pois 20%        N/A       2%          3
 Summon Small Mammal      Summ           60%        N/A       4%          1
 Ensorcelled Hibernation  Hex/Ice        30%        N/A       8%          2
 Passwall                 Tmut/Erth      12%        N/A       8%          2
 Sublimation of Blood     Necr           15%        N/A       8%          2
 Wereblood                Tmut           15%        N/A       8%          2
 Spider Form              Tmut/Pois      23%        N/A       9%          3
 Call Canine Familiar     Summ           15%        N/A       16%         3
 Ozocubu's Armour         Ice            15%        N/A       16%         3
 Summon Guardian Golem    Hex/Summ       15%        N/A       16%         3
 Tukima's Dance           Hex            15%        N/A       16%         3
 Flame Wave               Conj/Fire      58%        2d14      1%          4
 Sticky Flame             Conj/Fire      58%        2d7       1%          4
 Irradiate                Conj/Tmut      29%        3d21      1%          5
 Yara's Violent Unravell  Hex/Tmut       7%         3d5       32%         5
 Anguish                  Hex/Necr       7%         N/A       45%         4
 Passage of Golubria      Tloc           15%        N/A       45%         4
 Petrify                  Tmut/Erth      15%        N/A       45%         4
 Storm Form               Tmut/Air       30%        N/A       52%         7
 Metabolic Englaciation   Hex/Ice        7%         N/A       80%         5
 Simulacrum               Ice/Necr       7%         N/A       100%        6
 Summon Cactus Giant      Summ           7%         N/A       100%        6
 Ozocubu's Refrigeration  Ice            7%         4d9       100%        7
 Summon Hydra             Summ           7%         N/A       100%        7


Dungeon Overview and Level Annotations

Branches:
Dungeon (15/15)            Temple (1/1) D:7            Lair (5/5) D:11
  Swamp (4/4) Lair:2        Snake (0/4) Lair:2        Slime (0/5) Lair:5
    Orc (2/2) D:12            Elf (0/3) Orc:2        Vaults (0/5) D:14
 Depths (0/4) D:15          Sewer (visited)          Bailey (visited)

Altars:
Ashenzari
Cheibriados
Dithmenos
Elyvilon
Fedhas
Gozag
Hepliaklqana
Kikubaaqudgha
Makhleb
Nemelex Xobeh
Okawaru
Qazlal
Ru
Sif Muna
Trog
Uskayaw
Vehumet
Wu Jian
Xom
Yredelemnul
Zin
The Shining One

Shops:
D:2 *[(   D:3 *   D:8 :   D:10 =   D:11 **(*=   D:14 *   Orc:1 !   Orc:2 ([?(

Annotations:
D:8 3 runed translucent doors, pener's ghost, novice DjIE
Swamp:1 2 transporters, Mlioglotl; temitten's ghost, journeyman SpEn


Innate Abilities, Weirdness & Mutations

You have a beak for a mouth.
You have claws for feet.
Your magical nature lets you fly swiftly and evasively.
You are partially covered in iridescent scales. (AC +2)
Your mind is acute. (Int +4, Str/Dex -1)


Message History

A five-headed hydra simulacrum comes into view.
A five-headed hydra simulacrum is nearby!
Casting: Airstrike (safe; 0% risk of failure)
Confirm with . or Enter, or press ? or * to list all spells.
Aiming: Airstrike (safe; 0% risk of failure)
Press: ? - help, Dir - move target, f - five-headed hydra simulacrum
Aim: a five-headed hydra simulacrum (wandering, hasn't noticed you, empty space bonus: 6/8)
The air twists around and strikes the five-headed hydra simulacrum!!
The five-headed hydra simulacrum is heavily damaged.
A four-headed hydra simulacrum comes into view.
A swamp worm comes into view.
A swamp worm simulacrum comes into view.
You lop one of the four-headed hydra simulacrum's heads off!
You slash the three-headed hydra simulacrum!
You claw the three-headed hydra simulacrum.
The three-headed hydra simulacrum is heavily damaged.
The three-headed hydra simulacrum bites you but does no damage.
The three-headed hydra simulacrum bites you.
* * * LOW HITPOINT WARNING * * *
The three-headed hydra simulacrum freezes you!
You resist.
* * * LOW HITPOINT WARNING * * *
The three-headed hydra simulacrum bites you.
* * * LOW HITPOINT WARNING * * *
The three-headed hydra simulacrum freezes you!!
You resist.
* * * LOW HITPOINT WARNING * * *
You hit the three-headed hydra simulacrum.
The three-headed hydra simulacrum is heavily damaged.
The three-headed hydra simulacrum completely misses you.
The three-headed hydra simulacrum bites you.
* * * LOW HITPOINT WARNING * * *
The three-headed hydra simulacrum freezes you!
You resist.
* * * LOW HITPOINT WARNING * * *
The three-headed hydra simulacrum bites you.
* * * LOW HITPOINT WARNING * * *
The three-headed hydra simulacrum freezes you!
You resist.
You die...

♣..~†..~..§~~..~~
♣♣♣♣.~.~♣.~.~~~.~♣♣
♣.~♣~.~~♣♣♣..~§.~♣♣
♣~.~.~)~♣♣♣♣.~~~~♣.
♣~..~~~.~♣♣♣~~~~~.~ ♣♣♣♣
♣♣...§~...♣♣♣.~~... ♣≈≈♣♣
♣♣♣♣♣...§~..~♣♣♣.~..~~
♣♣≈≈♣♣♣♣♣♣♣♣..♣♣...~~.♣♣♣♣~~~..~~
#≈≈.....♣♣..♣♣..@Z.~~~♣ ♣.~~♣.~~
#≈.≈≈Z....♣♣..♣♣....~~~♣ ♣♣..♣♣♣~
○..≈≈≈♣♣♣♣..♣♣♣♣♣..~~~...~♣.~~~♣♣
.≈≈.≈≈≈♣ ♣♣♣♣ §~~~~~..~.♣.~~~.~
#~≈.≈≈♣♣ ~.~~~~~..~♣♣♣..~.♣
#≈.≈≈♣♣ .~~~~~~~~~. ♣♣♣♣♣♣ ♣♣..♣♣
♣♣.~~~§.~~~~ ≈≈.. .~~§..~ ♣♣≈≈..


You could see a three-headed hydra simulacrum.

Vanquished Creatures
  Jorgrun (Swamp:2)
  A thorn hunter (Swamp:1)
  2 fenstrider witches (Swamp:2)
  Aizul (Swamp:2)
  4 eleionomae
  A bunyip (Swamp:2)
  Snorg (D:11)
  An entropy weaver (shapeshifter) (D:14)
  A shambling mangrove (Swamp:2)
  A fire dragon (Lair:5)
  A rakshasa (D:14)
  A catoblepas (Lair:5)
  24 hydras
  4 ghost crabs
  A death knight (D:15)
  An ogre mage (D:15)
  9 centaur warriors
  7 two-headed ogres
  11 alligators
  2 boulder beetles
  3 tengu warriors
  4 orc high priests (Orc:2)
  Nergalle (D:11)
  A fire crab (Lair:5)
  An iron troll (D:14)
  4 goliath frogs
  A skyshark (Lair:2)
  3 swamp dragons
  4 spriggan druids
  A death drake (Swamp:2)
  8 skeletal warriors
  3 bog bodies
  2 wizards (D:15)
  A harpy (shapeshifter) (D:14)
  2 deep elf pyromancers
  A necromancer (D:15)
  4 orc sorcerers
  4 ugly things
  2 cyclopes
  5 will-o-the-wisps
  5 oklob plants (Lair:5)
  2 centaur zombies (D:15)
  11 elephants
  10 black mambas
  3 molten gargoyles (Lair:5)
  3 torpor snails
  A centaur skeleton (D:15)
  2 gargoyles
  2 unseen horror zombies (D:8)
  3 kobold demonologists
  5 cane toads
  8 komodo dragons
  2 unseen horrors
  8 freezing wraiths
  A tengu conjurer (D:15)
  An efreet (D:14)
  2 trolls
  A meliai (shapeshifter) (D:11)
  A bloated husk (Swamp:3)
  3 meliai (D:14)
  A polar bear (D:12)
  10 hornets
  10 tyrant leeches
  6 blink frogs
  26 dream sheep
  2 centaur simulacra
  3 shadows
  Sigmund (D:4)
  9 spriggans
  19 slime creatures
  3 vampires
  7 basilisks
  5 wraiths
  12 wyverns
  Eustachio (D:5)
  20 yaks
  2 steam dragons
  12 vampire mosquitoes
  Menkaure (D:5)
  2 nagas (Lair:2)
  3 swamp worm simulacra (Swamp:4)
  2 wargs
  24 swamp worms
  Duvessa (D:4)
  2 acid dragons
  13 water moccasins
  A hydra simulacrum (Swamp:4)
  25 orc warriors
  5 hell hounds (Lair:5)
  A sky beast (D:7)
  5 swamp drakes
  A meliai simulacrum (D:12)
  2 ice beasts
  5 ogres
  4 black bears
  18 centaurs
  12 wolves
  2 phantoms
  5 kobold brigands
  3 necrophages (D:5)
  8 gnoll sergeants
  9 bullfrogs
  3 scorpions (D:5)
  4 wights (D:8)
  Dowan (D:4)
  10 killer bees (D:10)
  12 howler monkeys
  6 wolf zombies (Bailey)
  An electric eel (D:12)
  5 lava snakes (Lair:5)
  6 vampire bats (Bailey)
  4 hounds (D:6)
  A jelly (D:7)
  28 orc priests
  2 iguanas
  5 gnoll boudas
  39 orc wizards
  6 hell rats (Lair:3)
  15 adders
  28 gnolls
  3 river rats (Lair:3)
  A shadow imp (D:7)
  4 white imps
  5 ufetubi
  3 swamp drake simulacra (Swamp:4)
  A dart slug (D:2)
  85 orcs
  11 endoplasms
  15 giant cockroaches
  11 goblins
  6 hobgoblins
  23 kobolds
  A quokka (D:3)
  14 ball pythons
  6 bats
  12 frilled lizards
  16 orc zombies (Bailey)
  14 rats
914 creatures vanquished.

Vanquished Creatures (others)
  A bush (Lair:5)
  4 foxfires (Swamp:1)
  22 fungi
  159 plants
186 creatures vanquished.

Grand Total: 1100 creatures vanquished

Notes
Turn   | Place    | Note
-------+----------+-------------------------------------------
     0 | D:1      | Grim the Tengu Air Elementalist began the quest for the
                  | Orb.
     0 | D:1      | Reached XP level 1. HP: 10/10 MP: 4/4
   158 | D:1      | Reached XP level 2. HP: 15/15 MP: 1/6
   539 | D:1      | Found a faded altar of an unknown god.
   839 | D:2      | Reached XP level 3. HP: 19/19 MP: 4/7
   909 | D:2      | Found Dien's Assorted Antiques.
  1022 | D:2      | Reached skill level 5 in Air Magic
  1080 | D:2      | Learned a level 2 spell: Static Discharge
  1086 | D:2      | Found Togah's Antique Armour Emporium.
  1313 | D:2      | Found Issit's Antique Weapon Boutique.
  1466 | D:2      | Reached XP level 4. HP: 24/24 MP: 1/8
  1759 | D:3      | Found Gozag's Platinum Reserve.
  1799 | D:3      | Found an opulent altar of Gozag.
  2179 | D:3      | Paralysed by an orc for 4 turns
  2310 | D:3      | Gained mutation: Your magical nature lets you fly swiftly
                  | and evasively. [Tengu growth]
  2310 | D:3      | Reached XP level 5. HP: 28/28 MP: 6/9
  2558 | D:3      | Found a snail-covered altar of Cheibriados.
  2673 | D:3      | Reached skill level 6 in Air Magic
  2800 | D:3      | Found a bloodstained altar of Trog.
  3099 | D:4      | Noticed Sigmund
  3116 | D:4      | Noticed Duvessa
  3124 | D:3      | Learned a level 4 spell: Airstrike
  3666 | D:4      | Noticed Dowan
  3788 | D:4      | Killed Sigmund
  3789 | D:4      | Reached skill level 5 in Conjurations
  3789 | D:4      | Reached skill level 7 in Air Magic
  3789 | D:4      | Reached XP level 6. HP: 32/32 MP: 0/10
  4038 | D:4      | Killed Duvessa
  4039 | D:4      | Reached skill level 8 in Air Magic
  4039 | D:4      | Reached XP level 7. HP: 23/36 MP: 5/11
  4102 | D:4      | Learned a level 3 spell: Swiftness
  4142 | D:4      | Killed Dowan
  4606 | D:5      | Entered Level 5 of the Dungeon
  4750 | D:5      | Reached skill level 9 in Air Magic
  4941 | D:5      | Found a glowing drain.
  4950 | Sewer    | Entered a sewer
  5350 | D:5      | Noticed Menkaure
  5356 | D:5      | Killed Menkaure
  5426 | D:5      | Reached XP level 8. HP: 35/41 MP: 6/12
  5487 | D:5      | Reached skill level 10 in Air Magic
  5636 | D:5      | Reached skill level 1 in Fighting
  5719 | D:5      | Noticed Eustachio
  5752 | D:5      | Killed Eustachio
  5938 | D:5      | Reached skill level 11 in Air Magic
  6549 | D:5      | Reached XP level 9. HP: 41/52 MP: 9/13
  6758 | D:6      | Found a shadowy altar of Dithmenos.
  6881 | D:6      | Found an ancient bone altar of Kikubaaqudgha.
  6884 | D:6      | You are sucked into a shaft and drop 2 floors!
  7363 | D:6      | Reached skill level 12 in Air Magic
  7508 | D:6      | Reached skill level 5 in Fighting
  7613 | D:6      | Reached skill level 1 in Long Blades
  7821 | D:6      | Noticed a kobold demonologist
  7833 | D:6      | Noticed a red devil
  7974 | D:6      | Killed a kobold demonologist
  7975 | D:6      | Reached skill level 13 in Air Magic
  7975 | D:6      | Reached XP level 10. HP: 59/59 MP: 2/14
  8894 | D:6      | Reached skill level 5 in Long Blades
  9781 | D:7      | Gained mutation: You are frail. (-10% HP) [potion of
                  | mutation]
  9781 | D:7      | Lost mutation: You are frail. (-10% HP) [potion of
                  | mutation]
  9781 | D:7      | Gained mutation: You occasionally lose the ability to read
                  | scrolls when taking damage. [potion of mutation]
  9782 | D:7      | Lost mutation: You occasionally lose the ability to read
                  | scrolls when taking damage. [potion of mutation]
  9782 | D:7      | Gained mutation: Potions are less effective at restoring
                  | your health. [potion of mutation]
  9782 | D:7      | Gained mutation: You are partially covered in large bone
                  | plates. (SH +4) [potion of mutation]
  9832 | D:7      | Reached skill level 10 in Conjurations
 10443 | D:7      | Found a staircase to the Ecumenical Temple.
 10461 | Temple   | Entered the Ecumenical Temple
 10485 | Temple   | Became a worshipper of Vehumet
 10745 | D:8      | Reached skill level 14 in Air Magic
 10940 | D:8      | Found Vuuqeff's Book Boutique.
 10946 | D:8      | Bought a book of Lightning for 380 gold pieces
 11285 | D:8      | Learned a level 5 spell: Lightning Bolt
 11489 | D:8      | Reached * piety under Vehumet
 11489 | D:8      | Offered knowledge of Foxfire by Vehumet.
 12048 | D:8      | Found a runed translucent gate.
 12048 | D:8      | Found a runed translucent gate.
 12048 | D:8      | Found a runed translucent gate.
 12048 | D:8      | Noticed pener's ghost (novice DjIE)
 12050 | D:8      | Found a basalt altar of Yredelemnul.
 12066 | D:8      | Reached skill level 5 in Spellcasting
 12066 | D:8      | Reached XP level 11. HP: 49/63 MP: 19/19
 12072 | D:8      | Learned a level 5 spell: Arcjolt
 12877 | D:9      | Reached skill level 1 in Shields
 13387 | D:10     | Entered Level 10 of the Dungeon
 13440 | D:10     | Found a sparkling altar of Nemelex Xobeh.
 13597 | D:10     | Found a flagged portal.
 13609 | Bailey   | Entered a bailey
 13646 | Bailey   | Offered knowledge of Poisonous Vapours by Vehumet.
 13670 | Bailey   | Reached ** piety under Vehumet
 13685 | Bailey   | Reached skill level 15 in Air Magic
 13934 | Bailey   | Found the +3 robe of Clouds {*Thunder rCloud rElec}
 13937 | Bailey   | Identified the +5 ring mail "Aful" {Regen+}
 14084 | Bailey   | Offered knowledge of Mephitic Cloud by Vehumet.
 14297 | D:10     | Found Comnijufo's Jewellery Emporium.
 14500 | D:10     | Reached *** piety under Vehumet
 14819 | D:11     | Noticed a skeletal warrior
 14820 | D:11     | Noticed a skeletal warrior
 14821 | D:11     | Noticed a skeletal warrior
 14822 | D:11     | Noticed a skeletal warrior
 14822 | D:11     | Noticed a skeletal warrior
 14831 | D:11     | Killed a skeletal warrior
 14832 | D:11     | Killed a skeletal warrior
 14866 | D:10     | Learned a level 3 spell: Mephitic Cloud
 14870 | D:10     | Killed a skeletal warrior
 14871 | D:10     | Reached skill level 1 in Poison Magic
 14882 | D:11     | Killed a skeletal warrior
 15035 | D:11     | Killed a skeletal warrior
 15171 | D:11     | Found Coleddog's General Store.
 15188 | D:11     | Found Nethar's General Store.
 15334 | D:11     | Reached XP level 12. HP: 64/68 MP: 12/23
 15336 | D:11     | Offered knowledge of Iskenderun's Mystic Blast by Vehumet.
 15373 | D:11     | Found a staircase to the Lair.
 15828 | D:11     | Found Jium's Antique Weapon Shoppe.
 15904 | D:11     | Found Gekuehirph's General Store.
 15932 | D:11     | Noticed Nergalle
 15935 | D:11     | Noticed a two-headed ogre
 15942 | D:11     | Killed a two-headed ogre
 15943 | D:11     | Reached skill level 5 in Dodging
 15947 | D:11     | Killed Nergalle
 16016 | D:11     | Found Xosunn's Jewellery Boutique.
 16279 | D:12     | Noticed Snorg
 16279 | D:12     | Noticed a centaur warrior
 16320 | Lair:1   | Entered Level 1 of the Lair of Beasts
 16403 | Lair:1   | Reached skill level 1 in Armour
 16478 | Lair:1   | Noticed a boulder beetle
 16502 | Lair:1   | Killed a boulder beetle
 16503 | Lair:1   | Reached skill level 16 in Air Magic
 16624 | Lair:1   | Found an iron altar of Okawaru.
 17465 | Lair:2   | Found a blossoming altar of Fedhas.
 17505 | Lair:2   | Reached **** piety under Vehumet
 17596 | Lair:2   | Found a staircase to the Snake Pit.
 17600 | Lair:2   | Offered knowledge of Stone Arrow by Vehumet.
 17641 | Lair:2   | Noticed a six-headed hydra
 17646 | Lair:2   | Reached skill level 5 in Armour
 17682 | Lair:2   | Killed a six-headed hydra
 17775 | Lair:2   | You are sucked into a shaft and drop 2 floors!
 17832 | Lair:4   | Got the Discourse on the Brume
 17859 | Lair:4   | Noticed a four-headed hydra
 17866 | Lair:4   | Killed a four-headed hydra
 18065 | Lair:4   | Reached XP level 13. HP: 72/72 MP: 15/24
 18498 | Lair:4   | Reached skill level 17 in Air Magic
 19200 | D:2      | Bought an ancient falchion for 240 gold pieces
 19200 | D:2      | Identified the +9 falchion "Tosm" {drain, Will- Str+9} (You
                  | bought it in a shop on level 2 of the Dungeon)
 19686 | Lair:2   | Found a staircase to the Swamp.
 19781 | Lair:2   | Reached ***** piety under Vehumet
 19781 | Lair:2   | Offered knowledge of Spellforged Servitor by Vehumet.
 21488 | Lair:5   | Entered Level 5 of the Lair of Beasts
 21722 | Lair:5   | Reached skill level 15 in Conjurations
 22043 | Lair:5   | Reached XP level 14. HP: 63/86 MP: 25/25
 22177 | Lair:5   | Reached skill level 18 in Air Magic
 22358 | Lair:5   | Reached skill level 10 in Fighting
 22426 | Lair:5   | Offered knowledge of Starburst by Vehumet.
 22612 | Lair:5   | Lost mutation: Potions are less effective at restoring your
                  | health. [potion of mutation]
 22612 | Lair:5   | Lost mutation: You are partially covered in large bone
                  | plates. (SH +4) [potion of mutation]
 22612 | Lair:5   | Gained mutation: You are partially covered in iridescent
                  | scales. (AC +2) [potion of mutation]
 22612 | Lair:5   | Gained mutation: Your mind is acute. (Int +4, Str/Dex -1)
                  | [potion of mutation]
 22885 | Lair:5   | Found a staircase to the Slime Pits.
 23613 | Lair:5   | Found a large runed translucent door.
 23613 | Lair:5   | Found a large runed translucent door.
 25075 | D:11     | Killed Snorg
 25679 | D:12     | Found a staircase to the Orcish Mines.
 26679 | D:13     | Reached skill level 19 in Air Magic
 26689 | D:13     | Offered knowledge of Fireball by Vehumet.
 26922 | D:13     | Reached XP level 15. HP: 49/92 MP: 26/26
 27352 | D:13     | Learned a level 5 spell: Fireball
 28021 | D:14     | Found Alothaonn's Neck Hole.
 28198 | D:14     | Reached skill level 10 in Long Blades
 28416 | D:14     | Found a gate to the Vaults.
 28926 | D:15     | Entered Level 15 of the Dungeon
 29278 | D:15     | Paralysed by an orc sorcerer for 2 turns
 29301 | D:15     | Found a staircase to the Depths.
 29904 | D:15     | Paralysed by an ogre mage for 3 turns
 30387 | D:15     | Reached skill level 20 in Air Magic
 30989 | D:15     | Upgraded the game from 0.30-a0-782-ge64f9170bb to
                  | 0.30-a0-845-g7c6808c8ce
 31061 | Orc:1    | Entered Level 1 of the Orcish Mines
 31190 | Orc:1    | Found Luvetid's Distillery.
 31695 | Orc:1    | Paralysed by an orc sorcerer for 2 turns
 31885 | Orc:2    | Entered Level 2 of the Orcish Mines
 31887 | Orc:2    | Found a staircase to the Elven Halls.
 32022 | Orc:2    | Offered knowledge of Conjure Ball Lightning by Vehumet.
 32040 | Orc:2    | Reached XP level 16. HP: 77/97 MP: 2/27
 32040 | Orc:2    | Reached ****** piety under Vehumet
 32115 | Orc:2    | Found Fifonu's Weapon Emporium.
 32115 | Orc:2    | Found Obetiagu's Antique Armour Shoppe.
 32116 | Orc:2    | Found Meirecas's Weapon Shoppe.
 32120 | Orc:2    | Found Sounecis's Magic Scroll Emporium.
 32939 | Swamp:1  | Entered Level 1 of the Swamp
 33045 | Swamp:1  | Noticed temitten's ghost (journeyman SpEn)
 33046 | Swamp:1  | Found a bloodstained altar of Trog.
 33051 | Swamp:1  | Found a transporter.
 33064 | Swamp:1  | Noticed a thorn hunter
 33072 | Swamp:1  | Killed a thorn hunter
 33408 | Swamp:1  | Found a transporter.
 33941 | Swamp:1  | Offered knowledge of Iskenderun's Battlesphere by Vehumet.
 34620 | Swamp:2  | Learned a level 5 spell: Freezing Cloud
 34748 | Swamp:2  | Reached skill level 10 in Spellcasting
 35314 | Swamp:2  | Noticed Mlioglotl
 35315 | Swamp:2  | Noticed Aizul
 36042 | Swamp:2  | Noticed Jorgrun
 36049 | Swamp:2  | Killed Jorgrun
 36073 | Swamp:2  | Killed Aizul
 36516 | Swamp:2  | Noticed a fenstrider witch
 36521 | Swamp:2  | Killed a fenstrider witch
 36852 | Swamp:2  | Noticed a fenstrider witch
 36858 | Swamp:2  | Killed a fenstrider witch
 36933 | Swamp:2  | Got the Elucidation of the Peculiar Scars
 37093 | Swamp:2  | Noticed an Executioner
 37095 | Swamp:2  | Noticed a revenant
 38859 | Swamp:1  | Noticed a tentacled starspawn
 39606 | Swamp:3  | Learned a level 5 spell: Iskenderun's Battlesphere
 39702 | Swamp:3  | Reached XP level 17. HP: 103/103 MP: 12/34
 41068 | Swamp:3  | Offered knowledge of Lee's Rapid Deconstruction by Vehumet.
 41536 | Swamp:3  | Found a sparkling altar of Nemelex Xobeh.
 42087 | Swamp:4  | Entered Level 4 of the Swamp
 42342 | Swamp:4  | HP: 5/104 [three-headed hydra simulacrum (2)]
 42342 | Swamp:4  | Mangled by a three-headed hydra simulacrum

Illustrated notes

Levels and vault maps discovered:
D:1:      amcnicky_arrival_flooded_fountain, layout_rooms,
          ebering_ecumenical_altar_box
D:2:      layout_rooms, serial_shops, nicolae_lakefront_shop,
          nicolae_shop_window_shopping, shop_statue,
          nicolae_kite_square_tiling_tiny, nrook_mini_backslash,
          nicolae_concentric_dashed_squares_wild, minmay_joined_circles
D:3:      minmay_roachtagon, layout_rooms, nicolae_gozag_zags_fifth_avenue,
          lemuel_tele_altar, mainiacjoe_overflow_24_doors,
          minmay_randomly_rotated_circles
D:4:      layout_loops_ring, uniq_duvessa, uniq_sigmund
D:5:      nicolae_cairo_tiling, layout_rooms, portal_sewer_entry_d,
          minmay_misc_feat_rugged, uniq_menkaure, uniq_eustachio
D:6:      lemuel_castle_with_subvaults [lemuel_castle_interior_carwin_3],
          layout_loops_cross, amcnicky_altar_gilded,
          nicolae_kikubaaqudgha_miasma_corner, minmay_lizard_king
D:7:      layout_basic, lemuel_temple_firewalk_b
D:8:      layout_basic, nicolae_yredelemnul_ghost_church, serial_shops,
          nicolae_shop_crystal, minmay_increasing_density
D:9:      layout_irregular_city
D:10:     layout_roguey, nemelex_altar_shiori, enter_bailey_4, serial_shops,
          shop
D:11:     layout_roguey, david_lair_generic, serial_shops, shop,
          kennysheep_mini_moat, nicolae_shop_crystal, shop, nicolae_shop_trees,
          uniq_nergalle
D:12:     layout_basic, david_orc_2, serial_ice, serial_ice_j, serial_ice_n,
          serial_ice_m, serial_ice_h, serial_ice_c, serial_ice_d, uniq_snorg
D:13:     layout_big_octagon, st_stairs_12
D:14:     layout_roguey, david_vaults_4, roderic_serpentine_path,
          dreamdust_wishing_well, nicolae_shop_sticking_my_neck_out
D:15:     grunt_enter_depths_magical_seal, layout_basic, gauntlet_entry_generic,
          item_on_display_a
Temple:   nicolae_temple_no_exploring_needed
Lair:1:   layout_roguey, basic_altar, chequers_serial_rivers_small_3
Lair:2:   wad_woods_stonehenge, layout_chaotic_city, skrybe_swamp_entry_bodies,
          guppyfry_snake_entry_island
Lair:3:   layout_gridlike, serial_forest, infiniplex_forest_end_1,
          infiniplex_forest_lined_3, infiniplex_forest_clump_large,
          infiniplex_forest_diagonal, infiniplex_forest_split,
          infiniplex_forest_lined_1, infiniplex_forest_end_1,
          infiniplex_forest_lined_room_2, infiniplex_forest_clump_double,
          infiniplex_forest_clump_double, kennysheep_abandoned_house
Lair:4:   cheibrodos_lair_river_kwai, layout_regular_city,
          infiniplex_staircase_pool_2
Lair:5:   cheibrodos_lair_end_hotspot, layout_regular_city,
          minmay_slime_entry_oklob_enclosed
Swamp:1:  layout_basic_swamp, gammafunk_ghost_wrathful_warriors,
          evilmike_swamp_ruin_house_5, swamp_pool1
Swamp:2:  nzn_winding_woodlands_cross [nzn_winding_woodlands_5x15_parted,
          nzn_winding_woodlands_5x15_cabin,
          nzn_winding_woodlands_5x15_river_crossing,
          nzn_winding_woodlands_5x15_jagged,
          nzn_winding_woodlands_15x15_witchcraft], layout_basic_swamp,
          hangedman_swamp_cone, swamp_pool2, nicolae_swamp_drake_lake,
          uniq_aizul, uniq_jorgrun, uniq_mlioglotl
Swamp:3:  layout_falls_marsh, nicolae_swamp_godswood, swamp_pool2, worms_lemuel
Swamp:4:  swamp_icy, layout_basic_swamp, portal_ice_cave_entry_dragon,
          infiniplex_staircase_pool
Orc:1:    minmay_goldmine, layout_caves, serial_shops, nicolae_shop_behind_doors
Orc:2:    st_orc_mages, layout_diamond_mine, nicolae_orc_crystal_geode

Skill      XL: |  1  2  3  4  5  6  7  8  9 10 11 12 13 14 15 16 17 |
---------------+----------------------------------------------------+-----
Conjurations   | 2 3 4 5 6 7 8 9 10 12 13 15 16 18 | 18.6
Air Magic      | 5 7 8 9 11 13 14 15 16 17 19 20 | 20.7
Fighting       | 3 5 9 10 11 | 11.1
Long Blades    | 3 5 8 12 | 12.0
Dodging        | 3 5 6 |  6.6
Spellcasting   | 5 7 12 | 12.5
Shields        | 3 |  3.3
Poison Magic   | 3 |  3.0
Armour         | 6 |  6.3
Stealth        | |  2.0

Action                     |  1- 3 |  4- 6 |  7- 9 | 10-12 | 13-15 | 16-18 || total
---------------------------+-------+-------+-------+-------+-------+-------++-------
  Melee: Unarmed           |     3 |       |       |       |       |       ||     3
         Kick              |     1 |     5 |    49 |   164 |   202 |    75 ||   496
         Peck              |     1 |     1 |    28 |   102 |   144 |    33 ||   309
         Short sword       |       |    19 |       |       |       |       ||    19
         Punch             |       |     1 |     3 |     5 |       |       ||     9
         Falchion          |       |       |   161 |   439 |   482 |   184 ||  1266
   Cast: Shock             |    57 |   120 |   180 |   143 |    11 |     4 ||   515
         Static Discharge  |       |     7 |    21 |    50 |     2 |       ||    80
         Airstrike         |       |       |    16 |   100 |   198 |   251 ||   565
         Lightning Bolt    |       |       |       |    43 |    71 |    11 ||   125
         Arcjolt           |       |       |       |    24 |    75 |    60 ||   159
         Mephitic Cloud    |       |       |       |     3 |    20 |     7 ||    30
         Swiftness         |       |       |       |     3 |     1 |       ||     4
         Fireball          |       |       |       |       |    10 |    22 ||    32
         Freezing Cloud    |       |       |       |       |       |     2 ||     2
         Iskenderun's Batt |       |       |       |       |       |     1 ||     1
  Evoke: Wand              |       |       |       |       |     3 |       ||     3
    Use: Scroll            |       |     2 |     6 |     8 |    14 |    11 ||    41
         Potion            |       |     1 |     3 |     8 |     5 |     4 ||    21
   Stab: Sleeping          |       |       |       |     1 |     2 |       ||     3
         Distracted        |       |       |       |     1 |     1 |       ||     2
         Confused          |       |       |       |       |     4 |     3 ||     7
 Armour: Robe              |     5 |     2 |     7 |    16 |   151 |    84 ||   265
         Leather armour    |       |       |    53 |    87 |       |       ||   140
  Dodge: Dodged            |    15 |    69 |   234 |   415 |   567 |   294 ||  1594
  Block: Other             |       |       |       |    27 |       |       ||    27
         Buckler           |       |       |       |   129 |   188 |    88 ||   405

Table legend: (Time is in decaauts)
 A = Elapsed time spent in this place.
 B = Non-inter-level travel time spent in this place.
 C = Inter-level travel time spent in this place.
 D = Time resting spent in this place.
 E = Time spent auto-exploring this place.
 F = Levels seen in this place.
 G = Mean time per level.
                   A        B        C        D        E       F      G
               +--------+--------+--------+--------+--------+-----+--------+
         Total |  40764 |  39364 |   1400 |  19012 |  14497 |  29 | 1405.7 |
       Dungeon |  20991 |  20043 |    948 |   8360 |   8411 |  15 | 1399.4 |
        Temple |     29 |     29 |      0 |      0 |      0 |   1 |   29.0 |
          Lair |   9947 |   9671 |    276 |   5730 |   2927 |   5 | 1989.4 |
         Swamp |   7246 |   7144 |    102 |   4518 |   1609 |   4 | 1811.5 |
  Orcish Mines |   1649 |   1577 |     72 |    264 |   1081 |   2 |  824.5 |
         Sewer |    364 |    364 |      0 |      0 |    309 |   1 |  364.0 |
        Bailey |    534 |    534 |      0 |    139 |    158 |   1 |  534.0 |
               +--------+--------+--------+--------+--------+-----+--------+

Top non-repeatable levels by time:
 Swamp:2: 3601 daAuts
  Lair:5: 3385 daAuts
  Lair:2: 3046 daAuts
     D:6: 2691 daAuts
     D:8: 1952 daAuts
 Swamp:1: 1828 daAuts
    D:11: 1797 daAuts
    D:14: 1622 daAuts
     D:3: 1598 daAuts
 Swamp:3: 1573 daAuts
    D:15: 1528 daAuts
     D:5: 1503 daAuts
  Lair:3: 1358 daAuts
     D:4: 1273 daAuts
     D:7: 1189 daAuts
